 Dungeon Crawl Stone Soup version 0.28-a0-1167-g616b1c6417 (webtiles) character file.

Game seed: 16476714072683460534

37 LadyOphelia the Skirmisher (level 3, 0/29 HPs)
             Began as a Draconian Cinder Acolyte on Dec 16, 2021.
             Was a High Priest of Ignis.
             Succumbed to an adder's poison
             ... on level 2 of the Dungeon.
             The game lasted 00:02:30 (2437 turns).

LadyOphelia the Skirmisher (DrCA)                   Turns: 2437, Time: 00:02:30

Health: 0/29       AC:  5    Str: 18 (20) XL:     3   Next: 21%
Magic:  4/4        EV: 11    Int: 13 (14) God:    Ignis [*****.]
Gold:   32         SH:  0    Dex:  5 (6)  Spells: 2/4 levels left

rFire   + . .      SeeInvis .   a - -1 hand axe (flame)
rCold   . . .      Faith    .   (no shield)
rNeg    . . .      Spirit   .   (armour unavailable)
rPois   .          Reflect  .   (helmet restricted)
rElec   .          Harm     .   (no cloak)
rCorr   .          Rampage  .   (no gloves)
Will    .....                   (no boots)
Stlth   +.........              (no amulet)
HPRegen 0.09/turn               (no ring)
MPRegen 0.09/turn               (no ring)

@: lethally poisoned (0 -> -2), flying
A: AC +5, unfitting armour, cold-blooded, frail 1, strong 1, wild magic 2
a: Renounce Religion, Fiery Armour, Foxfire Swarm, Rising Flame


You were on level 2 of the Dungeon.
You worshipped Ignis.
Ignis was extremely pleased with you.
You visited 1 branch of the dungeon, and saw 2 of its levels.

You collected 32 gold pieces.

Inventory:

Hand Weapons
 a - a -1 hand axe of flaming (weapon)
Scrolls
 c - a scroll of identify
 d - a scroll of acquirement {unknown}
 g - a scroll of teleportation {unknown}
Potions
 f - a potion of mutation


   Skills:
 + Level 3.8 Fighting
 + Level 3.5 Axes
 + Level 0.2 Dodging
 + Level 1.0 Spellcasting
 + Level 3.4 Fire Magic


You had 2 spell levels left.
You knew the following spells:

 Your Spells              Type           Power      Damage    Failure   Level
a - Ensorcelled Hibernat  Hex/Ice        2%         N/A       56%         2

Your spell library contained the following spells:

 Spells                   Type           Power      Damage    Failure   Level
 Scorch                   Fire           30%        2d6       22%         2
 Foxfire                  Conj/Fire      32%        2x1d5     28%         1
 Tukima's Dance           Hex            1%         N/A       78%         3


Dungeon Overview and Level Annotations

Branches:
Dungeon (2/15)

Altars:


Innate Abilities, Weirdness & Mutations

Your plain brown scales are hard. (AC +5)
You cannot fit into any form of body armour.
You are cold-blooded and may be slowed by cold attacks.
You are frail. (-10% HP)
Your muscles are strong. (Str +2)
Your spells are harder to cast, but more powerful.


Message History

The adder bites you but does no damage.
You miss the adder.
Your tail-slap misses the adder.
You feel sick. The adder bites you.
* * * LOW HITPOINT WARNING * * *
You are lethally poisoned!
The adder poisons you! The adder bites you but does no damage.
You closely miss the adder.
* * * LOW HITPOINT WARNING * * *
You feel sick. The adder closely misses you.
You slash the adder! You burn the adder. You tail-slap the adder.
You kill the adder!
* * * LOW HITPOINT WARNING * * *
You feel sick.
You have reached level 3!
Your experience leads to an increase in your attributes!
Increase (S)trength, (I)ntelligence, or (D)exterity?
You feel stronger. x2; Your scales feel tougher.
* * * LOW HITPOINT WARNING * * *
You feel sick.
You see here an adder corpse.
There is a lethal amount of poison in your body!
It was a potion of degeneration.
There was something very wrong with that liquid.
You feel weakened.
You feel dopey.
You feel clumsy.
* * * LOW HITPOINT WARNING * * *
You feel sick.
It was a potion of flight.
You feel very buoyant.
You fly up into the air.
* * * LOW HITPOINT WARNING * * *
You feel sick.
It was a potion of mutation.
You feel extremely strange.
You feel less in control of your magic.
You feel frail.
You feel stronger.
You feel less in control of your magic.
* * * LOW HITPOINT WARNING * * *
You feel sick.
As you read the scroll labelled XEHUHIRAGA, it crumbles to dust.
It is a scroll of identify.
Okay, then.
You die...

#..#
#.####..##
#.#......#
........#
#.#....#
#.##.....
#.......##
..
#.@.####....
##..........
#.†.##....
#.....#..
#...##.#
#..^..#P#
##.^##P#.#
#...# # #
#.._#


There were no monsters in sight!

Vanquished Creatures
  2 adders (D:2)
  2 ball pythons
  A bat (D:1)
  2 endoplasms
  2 giant cockroaches
  2 goblins (D:1)
  2 hobgoblins
  A frilled lizard (D:1)
  4 rats
18 creatures vanquished.

Notes
Turn   | Place    | Note
-------+----------+-------------------------------------------
     0 | D:1      | LadyOphelia the Draconian Cinder Acolyte began the quest
                  | for the Orb.
     0 | D:1      | Reached XP level 1. HP: 19/19 MP: 2/2
   503 | D:1      | Reached XP level 2. HP: 16/26 MP: 3/3
  2259 | D:2      | Learned a level 2 spell: Ensorcelled Hibernation
  2344 | D:2      | Found a faded altar of an unknown god.
  2352 | D:2      | Got Plato's Compendium of Ignition
  2433 | D:2      | Reached XP level 3. HP: 5/33 MP: 4/4
  2436 | D:2      | Gained mutation: Your spells are a little harder to cast,
                  | but a little more powerful. [potion of mutation]
  2436 | D:2      | Gained mutation: You are frail. (-10% HP) [potion of
                  | mutation]
  2436 | D:2      | Gained mutation: Your muscles are strong. (Str +2) [potion
                  | of mutation]
  2436 | D:2      | Gained mutation: Your spells are harder to cast, but more
                  | powerful. [potion of mutation]
  2436 | D:2      | HP: 1/29 [poisoned by an adder]
  2437 | D:2      | Succumbed to an adder's poison

Illustrated notes

Levels and vault maps discovered:
D:1:      dpeg_arrival_boxes_within_box, layout_basic
D:2:      layout_loops_corners, shapermc_ecumenical_altar_rom_forum,
          uniq_natasha

Action                   || total
-------------------------++-------
Melee: Hand axe          ||    68
       Tailslap          ||     5
  Use: Potion            ||     3
       Scroll            ||     1
Armor: Skin              ||    31
Dodge: Dodged            ||    40

Table legend: (Time is in decaauts)
 A = Elapsed time spent in this place.
 B = Non-inter-level travel time spent in this place.
 C = Inter-level travel time spent in this place.
 D = Time resting spent in this place.
 E = Time spent auto-exploring this place.
 F = Levels seen in this place.
 G = Mean time per level.
                   A        B        C        D        E       F      G
               +--------+--------+--------+--------+--------+-----+--------+
         Total |   2446 |   2352 |     94 |    885 |   1279 |   2 | 1223.0 |
       Dungeon |   2446 |   2352 |     94 |    885 |   1279 |   2 | 1223.0 |
               +--------+--------+--------+--------+--------+-----+--------+

Top non-repeatable levels by time:
     D:1: 1781 daAuts
     D:2: 664 daAuts
